 Dungeon Crawl Stone Soup version 0.23-a0-619-g281719c (webtiles) character file.

28 zishaf the Sneak (level 3, -1/18 HPs)
             Began as a Vine Stalker Assassin on Dec 23, 2018.
             Slain by a rat (3 damage)
             ... on level 2 of the Dungeon.
             The game lasted 00:02:31 (1236 turns).

zishaf the Sneak (Vine Stalker Assassin)            Turns: 1236, Time: 00:02:32

Health: -1/18      AC:  7    Str: 14    XL:     3   Next: 12%
Magic:  0/4        EV: 10    Int: 11    God:
Gold:   103        SH:  0    Dex: 15    Spells: 2/2 levels left

rFire    . . .     SeeInvis .   a - +2 dagger
rCold    . . .     Gourm    .   (no shield)
rNeg     . . .     Faith    .   i - +0 ring mail
rPois    .         Spirit   +   (no helmet)
rElec    .         Reflect  .   d - +0 cloak
rCorr    .         Harm     .   (no gloves)
MR       .....                  c - +0 pair of boots
Stlth    ++........             (no amulet)
HPRegen  0.06/turn              (no ring)
MPRegen  0.09/turn              (no ring)

@: no status effects
A: fangs 2, magic shield, antimagic bite, no potion heal 3, rot immunity
a: no special abilities


You were on level 2 of the Dungeon.
You were not hungry.

You visited 1 branch of the dungeon, and saw 2 of its levels.

You collected 103 gold pieces.

Inventory:

Hand Weapons
 a - a +2 dagger (weapon)
 b - a +0 blowgun
Missiles
 e - 8 poisoned needles
 f - 2 curare-tipped needles
 n - 7 tomahawks (quivered)
Armour
 c - a +0 pair of boots (worn)
 d - a +0 cloak (worn)
 i - a +0 ring mail (worn)
Scrolls
 k - 2 scrolls of identify {unknown}
 m - 4 scrolls of remove curse {unknown}
Potions
 h - 2 potions of agility {unknown}
 j - a potion of flight {unknown}
 l - a potion of curing {unknown}
 p - a potion of lignification {unknown}
Comestibles
 g - 7 rations
 o - 6 chunks of flesh


   Skills:
 + Level 2.2 Fighting
 + Level 2.2 Short Blades
 - Level 2.0 Throwing
 - Level 1.0 Dodging
 + Level 5.2 Stealth


You had 2 spell levels left.
You didn't know any spells.
Your spell library was empty.

Dungeon Overview and Level Annotations

Branches:
Dungeon (2/15)

Altars:
Makhleb
Zin

Annotations:
D:2 Sigmund


Innate Abilities, Weirdness & Mutations

You have extremely sharp teeth.
When hurt, damage is shared between your health and your magic reserves.
Your bite disrupts and absorbs the magic of your enemies.
Potions cannot restore your health.
You are immune to rotting.


Message History

You miss Sigmund.
Sigmund is lightly wounded.
You feel less confused. Sigmund hits you with a +0 scythe.
The rat bites you but does no damage.
You hit Sigmund but do no damage.
Sigmund is lightly wounded.
The rat bites you but does no damage. Sigmund barely misses you.
You barely miss Sigmund.
Sigmund is lightly wounded.
The rat barely misses you.
You hit Sigmund but do no damage. You bite Sigmund.
Sigmund's magic leaks into the air.
You drain his magic.
You feel invigorated.
Sigmund is moderately wounded.
Sigmund hits you with a +0 scythe!
* * * LOW HITPOINT WARNING * * *
The rat bites you but does no damage.
You hit Sigmund. You bite Sigmund, but do no damage.
Sigmund is moderately wounded.
The rat bites you.
You die...

.. #.# #.# #.# .
#.### .# #.r.##..#
#.@@....# #########
#)..###.#
P...P...######..###
.P.............>..#
PP....#.######..#.#
≈.....#.# ######
≈≈..P.#.#####
≈≈≈P.##.....#
≈≈≈≈.########


You could see Sigmund and a rat.

Vanquished Creatures
  A dart slug (D:1)
  2 giant cockroaches
  5 goblins
  4 hobgoblins
  A quokka (D:2)
  A ball python (D:1)
  2 bats (D:2)
  A frilled lizard (D:1)
  2 kobolds
  5 rats
24 creatures vanquished.

Notes
Turn   | Place    | Note
-------+----------+-------------------------------------------
     0 | D:1      | zishaf the Vine Stalker Assassin began the quest for the
                  | Orb.
     0 | D:1      | Reached XP level 1. HP: 11/11 MP: 2/2
   149 | D:1      | Reached skill level 1 in Dodging
   149 | D:1      | Reached XP level 2. HP: 15/15 MP: 3/3
   152 | D:1      | Reached skill level 5 in Stealth
  1090 | D:2      | Found a burning altar of Makhleb.
  1096 | D:2      | Noticed a green death
  1098 | D:2      | Found a glowing silver altar of Zin.
  1099 | D:2      | Noticed an angel
  1146 | D:2      | Reached XP level 3. HP: 18/18 MP: 4/4
  1223 | D:2      | Noticed Sigmund
  1236 | D:2      | Slain by a rat

Vault maps used:
D:1:      saegor_arrival_simple_e, chequers_decorated_corner,
          minmay_tromino_v4_b
D:2:      lemuel_upstairs_altar, grunt_temple_overflow_order_and_chaos_2,
          nrook_loot_triangle, roderic_nine_men_s_morris,
          guppyfry_early_lair_pool, uniq_robin, uniq_sigmund

Skill      XL: |  1  2 |
---------------+-------+-----
Dodging        | 1 |  1.0
Stealth        | 5 |  5.2
Fighting       | 2 |  2.2
Short Blades   | 2 |  2.2
Throwing       | 2 |  2.0

Action                   || total
-------------------------++-------
Melee: Dagger            ||    59
       Bite              ||    14
Throw: Tomahawk          ||     3
 Stab: Sleeping          ||     8
  Eat: Chunk             ||     1
Armor: Robe              ||     1
       Ring mail         ||    21
Dodge: Dodged            ||    31

Table legend:
 A = Non-vault XP
 B = Vault XP
 C = Vault XP percentage of total XP
 D = Non-vault monster count
 E = Vault monster count
 F = Vault count percentage of total count
                 A         B        C        D         E       F
            +---------+---------+-------+---------+---------+-------
      Total |      35 |       5 |  12.5 |      22 |       2 |   8.3
            +---------+---------+-------+---------+---------+-------
        D:1 |      16 |       5 |  23.8 |      11 |       2 |  15.4
        D:2 |      19 |       0 |   0.0 |      11 |       0 |   0.0
            +---------+---------+-------+---------+---------+-------
